 Dungeon Crawl Stone Soup version 0.26-a0-652-gafc20e3620 (webtiles) character file.

Game seed: 1053360130747953735

59 grandjackal the Magician (level 3, -1/29 HPs)
             Began as a Draconian Hedge Wizard on Oct 2, 2020.
             Slain by a worker ant (5 damage)
             ... on level 4 of the Dungeon.
             The game lasted 00:03:24 (2147 turns).

grandjackal the Magician (Draconian Hedge Wizard)   Turns: 2147, Time: 00:03:24

Health: -1/29      AC:  5    Str: 12    XL:     3   Next: 78%
Magic:  2/7        EV: 12    Int: 15    God:
Gold:   74         SH:  0    Dex: 10    Spells: 2/8 levels left

rFire    . . .     SeeInvis .   l - +2 dagger (speed)
rCold    . . .     Faith    .   (no shield)
rNeg     . . .     Spirit   .   (armour unavailable)
rPois    .         Reflect  .   b - +0 hat
rElec    .         Harm     .   (no cloak)
rCorr    .         Rampage  .   (no gloves)
MR       .....                  (no boots)
Stlth    ++........             (no amulet)
HPRegen  0.09/turn              (no ring)
MPRegen  0.10/turn              (no ring)

@: mighty, lethally poisoned (-1 -> -7), hasted, very quick
A: unfitting armour, cold-blooded, AC +5
a: no special abilities


You were on level 4 of the Dungeon.
You visited 1 branch of the dungeon, and saw 3 of its levels.

You collected 74 gold pieces.

Inventory:

Hand Weapons
 l - a +2 dagger of speed (weapon)
Armour
 b - a +0 hat (worn)
Jewellery
 a - an uncursed amulet of the acrobat {unknown}
 f - a +4 ring of protection {unknown}
Scrolls
 c - 2 scrolls of fog {unknown}
 d - a scroll of amnesia {unknown}
 e - 2 scrolls of teleportation {unknown}
 i - 2 scrolls of identify {unknown}
 j - a scroll of noise {unknown}
 m - a scroll of remove curse {unknown}
Potions
 g - a potion of flight {unknown}
 h - a potion of haste
 k - 2 potions of might
 n - a potion of ambrosia {unknown}


   Skills:
 + Level 2.0 Fighting
 + Level 2.6 Dodging
 - Level 1.7 Stealth
 - Level 3.0 Spellcasting
 + Level 2.2 Conjurations
   Level 1.0 Summonings
 - Level 1.0 Translocations


You had 2 spell levels left.
You knew the following spells:

 Your Spells              Type           Power        Failure   Level
a - Magic Dart            Conj           #...         9%          1
b - Blink                 Tloc           N/A          21%         2
c - Mephitic Cloud        Conj/Pois/Air  #.......     41%         3

Your spell library contained the following spells:

 Spells                   Type           Power        Failure   Level
 Call Imp                 Summ           #.......     21%         2
 Slow                     Hex            #.......     30%         2
 Conjure Flame            Conj/Fire      #.......     36%         3


Dungeon Overview and Level Annotations

Branches:
Dungeon (2/15)

Altars:


Innate Abilities, Weirdness & Mutations

Your plain brown scales are hard. (AC +5)
You cannot fit into any form of body armour.
You are cold-blooded and may be slowed by cold attacks.


Message History

The worker ant is severely wounded.
You feel sick.
You hit the worker ant but do no damage.
The worker ant is severely wounded.
The worker ant bites you.
You hit the worker ant but do no damage.
You tail-slap the worker ant, but do no damage.
The worker ant is severely wounded.
You feel sick. The worker ant bites you.
You hit the worker ant but do no damage.
The worker ant is severely wounded.
The worker ant bites you!
* * * LOW HITPOINT WARNING * * *
It was a potion of haste.
You feel yourself speed up.
* * * LOW HITPOINT WARNING * * *
You feel sick. The worker ant misses you.
It was a potion of might.
You feel very mighty all of a sudden. The worker ant bites you.
You die...

# #######.#
#...a@..#
#.......#.#
.>..###.# #
#.# #.# #
#.# #.# #..
###


You could see a worker ant.

Vanquished Creatures
  3 dart slugs (D:1)
  A leopard gecko (D:1)
  2 ball pythons (D:1)
  8 bats
  2 giant cockroaches (D:1)
  9 hobgoblins
  7 jackals
  2 kobolds (D:2)
  2 frilled lizards (D:1)
  6 goblins
  A rat (D:1)
43 creatures vanquished.

Notes
Turn   | Place    | Note
-------+----------+-------------------------------------------
     0 | D:1      | grandjackal the Draconian Hedge Wizard began the quest for
                  | the Orb.
     0 | D:1      | Reached XP level 1. HP: 14/14 MP: 4/4
   251 | D:1      | Reached XP level 2. HP: 18/22 MP: 0/6
   266 | D:1      | Reached skill level 1 in Fighting
   490 | D:1      | Learned a level 2 spell: Blink
  1191 | D:1      | Reached XP level 3. HP: 23/28 MP: 7/7
  1516 | D:1      | Learned a level 3 spell: Mephitic Cloud
  2125 | D:2      | You fall into a shaft and drop 2 floors!
  2147 | D:4      | Slain by a worker ant

Illustrated notes

Levels and vault maps discovered:
D:1:      minmay_arrival_cross, layout_basic
D:2:      layout_basic, lemuel_crystal_altar
D:4:      layout_loops_ring, serial_shops, nicolae_shop_overgrown_old_shop

Skill      XL: |  1  2  3 |
---------------+----------+-----
Dodging        | 2 |  2.6
Fighting       | 1 2 |  2.0
Conjurations   | 2 |  2.2
Stealth        | |  1.7
Spellcasting   | |  3.0
Summonings     | |  1.0
Translocations | |  1.0

Action                   || total
-------------------------++-------
Melee: Dagger            ||   160
       Tailslap          ||    18
 Cast: Magic Dart        ||    38
  Use: Potion            ||     2
 Stab: Sleeping          ||     1
Armor: Skin              ||    57
Dodge: Dodged            ||   106

Table legend: (Time is in decaauts)
 A = Elapsed time spent in this place.
 B = Non-inter-level travel time spent in this place.
 C = Inter-level travel time spent in this place.
 D = Time resting spent in this place.
 E = Time spent auto-exploring this place.
 F = Levels seen in this place.
 G = Mean time per level.
                   A        B        C        D        E       F      G
               +--------+--------+--------+--------+--------+-----+--------+
         Total |   2117 |   2055 |     62 |    775 |    937 |   3 |  705.7 |
       Dungeon |   2117 |   2055 |     62 |    775 |    937 |   3 |  705.7 |
               +--------+--------+--------+--------+--------+-----+--------+

Top non-repeatable levels by time:
     D:1: 1572 daAuts
     D:2: 527 daAuts
     D:4: 17 daAuts
